 Dungeon Crawl Stone Soup version 0.20-a0-760-g49f5558 (webtiles) character file.

471879 polly the Executioner (level 23, -3/238 HPs)
             Began as a Minotaur Berserker on Feb 25, 2017.
             Was the Champion of Trog.
             Killed from afar by a shadow dragon (35 damage)
             ... with a bolt of negative energy
             ... on level 5 of the Vaults.
             The game lasted 02:57:23 (53263 turns).

polly the Executioner (Minotaur Berserker)         Turns: 53263, Time: 02:57:24

Health: -3/238     AC: 37    Str: 33    XL:     23   Next: 26%
Magic:  6/6        EV:  5    Int:  7    God:    Trog [******]
Gold:   3531       SH: 17    Dex: 22    Spells: 22/22 levels left

rFire    + + .     SeeInvis .   e - +1 broad axe of Mysticism {antimagic, MR+ Str+2}
rCold    + + .     Gourm    .   N - +9 armour of the Dragon King {rPois rF+ rC+ MR+}
rNeg     . . .     Faith    +   W - +3 shield {reflect}
rPois    +         Spirit   .   T - +2 hat {Int+3}
rElec    .         Reflect  +   M - +0 cloak {rC+}
rCorr    .         Harm     .   Q - +3 pair of gauntlets of War {Slay+5}
MR       +++++                  i - +2 pair of boots {run}
Stlth    ..........             U - amulet of faith
Regen    1.5/turn               S - ring "Higugu" {Fire Dex+8}
MPRegen  0.1/turn               V - +5 ring of strength

@: regenerating, very heavily drained, quick
A: retaliatory headbutt, horns 2, rugged brown scales 1, clumsy 1, cold
resistance 1, low mp 1, poison resistance, screaming 1
}: 3/15 runes: decaying, slimy, gossamer
a: Berserk, Trog's Hand, Brothers in Arms, Burn Spellbooks, Renounce Religion


You were on level 5 of the Vaults.
You worshipped Trog.
Trog was exalted by your worship.
You were hungry.

You visited 8 branches of the dungeon, and saw 44 of its levels.
You also visited: Sewer, Bailey, Ice Cave and Desolation.

You collected 5277 gold pieces.
You spent 1746 gold pieces at shops.

Inventory:

Hand Weapons
 e - the +1 broad axe of Mysticism (weapon) {antimagic, MR+ Str+2}
   (Trog gifted it to you in a bailey)

   It reduces the magical energy of the wielder, and disrupts the spells and
   magical abilities of those hit.
   Natural abilities and divine invocations are not affected.
   It affects your strength (+2).
   It affects your resistance to hostile enchantments.
 X - the +5 hand crossbow "Agidgh" {flame, rC+ rN++}
   (Trog gifted it to you on level 3 of the Spider Nest)

   It causes projectiles fired from it to burn those they strike, causing extra
   injury to most foes and up to half again as much damage against particularly
   susceptible opponents.
   It protects you from cold.
   It greatly protects you from negative energy.
Missiles
 L - 1641 bolts
Armour
 i - a +2 pair of boots of running (worn)
 M - a +0 cloak of cold resistance (worn)
 N - the +9 armour of the Dragon King (worn) {rPois rF+ rC+ MR+}
   (You bought it in a shop on level 5 of the Dungeon)

   It protects you from fire.
   It protects you from cold.
   It protects you from poison.
   It affects your resistance to hostile enchantments.
 Q - the +3 pair of gauntlets of War (worn) {Slay+5}
   (You found it on level 3 of the Elven Halls)

   It affects your accuracy and damage with ranged weapons and melee attacks
   (+5).
 T - a +2 hat of intelligence (worn)
 W - a +3 shield of reflection (worn)
Jewellery
 h - the ring "Kadatseku" {rElec rC+++ AC+2 Str-5 Stlth+}
   (You found it in the Desolation of Salt)

   [ring of protection]

   It affects your AC (+2).
   It affects your strength (-5).
   It renders you almost immune to cold.
   It insulates you from electricity.
   It makes you more stealthy.
 m - an uncursed ring of resist corrosion
 E - an uncursed ring of flight
 K - the ring of Irphylun {Str+2 SInv}
   (You found it in the Desolation of Salt)

   [ring of see invisible]

   It affects your strength (+2).
   It lets you see invisible.
 R - a +5 ring of intelligence
 S - the ring "Higugu" (right hand) {Fire Dex+8}
   (You found it on level 1 of the Lair of Beasts)

   [ring of fire]

   It enhances your fire magic.
   It affects your dexterity (+8).
   It protects you from fire.
   It makes you vulnerable to cold.
 U - an amulet of faith (around neck)
 V - a +5 ring of strength (left hand)
Wands
 t - a wand of digging (10/24)
Scrolls
 a - a scroll of holy word
 f - 10 scrolls of enchant weapon
 g - 2 scrolls of teleportation
 k - 3 scrolls of immolation
 l - a scroll of acquirement
 n - 3 scrolls of magic mapping
 o - 2 scrolls of silence
 q - 3 scrolls of identify
 r - 19 scrolls of remove curse
 v - 4 scrolls of fog
 x - 6 scrolls of fear
 y - 3 scrolls of torment
 z - 11 scrolls of enchant armour
 P - 5 scrolls of vulnerability
 Y - 4 scrolls of recharging
Potions
 d - 4 potions of curing
 p - a potion of might
 s - a potion of flight
 u - a potion of experience
 w - a potion of haste
 A - a potion of agility
 D - 5 potions of ambrosia
 F - 2 potions of resistance
 H - 11 potions of mutation
 O - a potion of brilliance
Books
 G - Caxaj's Tome of Aid
   (You found it in the Desolation of Salt)

   Spells                             Type                      Level
   a - Swiftness                      Charms/Air                   2
   b - Regeneration                   Charms/Necromancy            3
   c - Ozocubu's Armour               Charms/Ice                   3
   d - Spectral Weapon                Hexes/Charms                 3
   e - Excruciating Wounds            Charms/Necromancy            5
   f - Deflect Missiles               Charms/Air                   6
   Trog disapproves of the use of such an item.
Miscellaneous
 J - a lightning rod (4/4)
Comestibles
 c - 19 bread rations
 j - 18 meat rations
 B - 9 fruits
 C - 5 royal jellies


   Skills:
 + Level 24.6(12.4) Fighting
 + Level 26.0(13.4) Axes
 + Level 9.3(0.5) Crossbows
 + Level 0.8(0.0) Throwing
 + Level 19.9(8.7) Armour
 + Level 6.6(0.0) Dodging
 + Level 4.4(0.0) Stealth
 + Level 20.0(8.8) Shields
 + Level 1.9(0.0) Evocations


You had 22 spell levels left.
You didn't know any spells.

Dungeon Overview and Level Annotations

Branches:
Dungeon (15/15)            Temple (0/1) D:4            Lair (6/6) D:9
  Swamp (4/4) Lair:4       Spider (4/4) Lair:4        Slime (5/5) Lair:5
    Orc (2/2) D:10            Elf (3/3) Orc:2        Vaults (5/5) D:14
  Crypt (0/3) Vaults:2     Depths (0/5) D:15

Altars:
Cheibriados
Dithmenos
Elyvilon
Nemelex Xobeh
Qazlal
Ru
Sif Muna
Trog
Uskayaw
Vehumet
Zin

Shops:
D:5 [   D:8 [[[(*   Orc:1 :   Orc:2 !*!(*   Vaults:4 *


Innate Abilities, Weirdness & Mutations

You reflexively headbutt those who attack you in melee.
You have a pair of horns on your head.
You are partially covered in rugged brown scales. (AC +1, +3% HP)
You are clumsy. (Dex -2)
Your flesh is cold resistant. (rC+)
Your magical capacity is low. (-10% MP)
Your system is resistant to poisons. (rPois)
You occasionally shout uncontrollably at your foes.


Message History

The shadow dragon claws you. You block the wolf spider's attack.
The wolf spider bites you but does no damage.
The shadow dragon breathes negative energy at you.
The bolt of negative energy hits you!
You feel drained.
* * * LOW HITPOINT WARNING * * *
The bolt of negative energy misses the shadow dragon.
The shadow dragon breathes negative energy at you.
The bolt of negative energy hits you!
You feel drained.
* * * LOW HITPOINT WARNING * * *
Your cyclops hits the shadow dragon!!
Unknown command.
Unknown command.
Unknown command.
As you read the scroll of summoning, it crumbles to dust.
Wisps of shadow whirl around you... The wolf spider hits you!
* * * LOW HITPOINT WARNING * * *
You block the wolf spider's attack.
The shadow dragon breathes negative energy at you.
The bolt of negative energy hits you!
You feel drained.
You die...

.....##..,....#..(.#(.#.,,*,,,*,,
##....,..#*...#....#.#.#,*,*,*,*,
.........C,,...........,*,,,*,,,*
#############...)....############
.........................).......
.......g........<<....).)))......
.....QLp....(..<)(<.(.[()).)..)..
.p.............DDD.....[(........
#############.C.@p...############
,*,*,*,*,*,#...WDs......,,,,,,,,,
*,*,*,*,*,#[#.#...p#....,,,,,,,,,
,*,*,*,*,#.#.##....#..##**,,,****
*,*******##.#,#(...#....,***,,**,
,*,* ##,*#..(.#....,,,**,,*,
,,,*** *,*,#....#,,****,,**,*,
,,,,,** **,*#....#,,,,,**,,*,*,
,,,,,,** *,*,*,,,,*,,**,,**,***,


You could see 4 shadow dragons, a vault warden, a wolf spider, a friendly death
knight, a friendly cyclops (berserk) and a friendly freezing wraith.

Vanquished Creatures
  the Royal Jelly (Slime:5)
  An ancient lich (Vaults:5)
  Frederick (Vaults:3)
  A golden dragon (Vaults:5)
  A lich (Vaults:3)
  Jorgrun (Vaults:5)
  2 tentacled monstrosities
  2 deep elf blademasters (Elf:3)
  11 acid blobs
  A deep elf master archer (Elf:3)
  2 titans (Vaults:5)
  Gastronok (Lair:2)
  2 shadow dragons (Vaults:5)
  2 sphinxes
  2 storm dragons (Vaults:5)
  A thorn hunter (Swamp:4)
  6 tengu reavers
  Roxanne (Spider:4)
  The ghost of chas the Tortoise, an adept MiMo of Hepliaklqana (D:14)
  16 azure jellies
  2 fire giants
  A frost giant (shapeshifter) (Vaults:4)
  4 ghost moths (Spider:4)
  4 frost giants (Vaults:4)
  5 deep elf sorcerers
  13 vault wardens
  An imperial myrmidon (Desolation)
  Louise (D:15)
  The ghost of useraccount the Black Belt, a journeyman DsMo of Wu Jian (Orc:2)
  3 emperor scorpions (Spider:4)
  7 deep elf elementalists (Elf:3)
  17 ironheart preservers
  5 very ugly things
  A war gargoyle (Vaults:5)
  8 entropy weavers
  8 stone giants
  7 deep elf demonologists
  A vampire knight (Vaults:2)
  5 deep elf annihilators
  A halazid warlock (Desolation)
  A white draconian (IceCv)
  7 ettins
  A death ooze (Slime:5)
  11 deep elf death magi
  Snorg (D:13)
  9 great orbs of eyes
  4 crystal guardians (Desolation)
  6 deep elf high priests
  2 ragged hierophants (Desolation)
  7 yaktaur captains
  11 hydras
  Josephine (Lair:6)
  29 vault guards
  2 rakshasas (Vaults:3)
  Harold (Lair:2)
  4 ice dragons
  7 peacekeepers (Desolation)
  8 centaur warriors
  3 catoblepae (Lair:6)
  3 servants of whispers (Desolation)
  A ghost crab (Swamp:4)
  5 death knights
  An anaconda (shapeshifter) (Vaults:5)
  17 dancing weapons
  6 death yaks (Lair:6)
  5 deep troll shamans
  7 alligators
  A vampire mage (Vaults:2)
  23 two-headed ogres
  2 tengu warriors
  7 ogre magi
  A queen ant (Spider:3)
  Urug (D:15)
  2 deep troll earth magi
  An orc high priest (Orc:2)
  19 deep elf knights
  Sonja (D:13)
  3 shadow wraiths
  Nergalle (Lair:2)
  2 small abominations
  20 deep trolls
  17 skeletal warriors
  2 unseen horrors
  2 spriggan druids (Swamp:4)
  4 swamp dragons
  A large abomination (Elf:3)
  5 harpies
  A glowing orange brain (Vaults:4)
  3 flayed ghosts
  13 ironbrand convokers
  2 shambling mangroves
  10 deep elf archers
  4 lindwurms (Lair:5)
  7 phantasmal warriors
  3 necromancers
  21 wolf spiders
  2 wizards
  A sphinx zombie (D:15)
  An oklob plant (Lair:5)
  A mana viper (shapeshifter) (Vaults:4)
  A wolf spider (shapeshifter) (Vaults:4)
  20 orc knights
  5 cyclopes
  4 manticores
  An orc sorcerer (Vaults:4)
  A stone giant zombie (D:15)
  5 shining eyes
  28 ugly things
  13 orb spiders
  A shining eye (shapeshifter) (Vaults:4)
  59 deep elf magi
  4 moths of wrath
  13 elephants
  A stone giant skeleton (Vaults:2)
  An elephant (shapeshifter) (Vaults:5)
  2 guardian serpents (Desolation)
  The ghost of polly the Slasher, a novice DrBe of Trog (D:4)
  A black mamba (Lair:2)
  An eye of devastation (Slime:5)
  A spiny frog (shapeshifter) (Elf:1)
  3 ice statues
  3 torpor snails
  22 spiny frogs
  16 vault sentinels
  2 gargoyles
  3 kobold demonologists
  3 rime drakes
  4 human zombies
  14 komodo dragons
  31 yaktaurs
  13 demonic crawlers
  A tengu conjurer (D:12)
  A human skeleton (Vaults:3)
  8 freezing wraiths
  An ice devil (Lair:6)
  25 jumping spiders
  A queen bee (D:8)
  A queen bee (shapeshifter) (Vaults:1)
  9 trolls
  A spriggan skeleton (D:15)
  A troll (shapeshifter) (Elf:3)
  22 hornets
  15 polar bears
  6 tyrant leeches
  31 saltlings (Desolation)
  2 frost giant simulacra
  105 slime creatures
  23 blink frogs
  4 bog bodies
  16 dream sheep
  7 hippogriffs
  An ettin skeleton (D:15)
  4 shadows
  32 tarantellas
  A redback (shapeshifter) (Vaults:2)
  4 vampires
  97 redbacks
  3 spriggans (shapeshifter)
  4 water elementals
  3 wyverns
  7 spriggans
  8 wraiths
  72 yaks
  4 basilisks
  2 fire elementals
  A golden eye (shapeshifter) (Vaults:5)
  4 hungry ghosts
  6 swamp worm simulacra (Swamp:4)
  12 vampire mosquitoes
  2 human simulacra
  A deep troll zombie (Vaults:2)
  18 swamp worms
  4 wargs
  A harpy simulacrum (D:15)
  4 insubstantial wisps (Swamp:1)
  18 soldier ants
  An acid dragon (D:15)
  13 hydra simulacra (Swamp:4)
  10 water moccasins
  49 orc warriors
  Purgy (Sewer)
  A hornet zombie (D:12)
  11 porcupines
  9 swamp drakes
  An ice beast (shapeshifter) (Vaults:4)
  11 ice beasts
  4 black bears
  4 eyes of draining
  8 sky beasts
  2 necrophages (D:15)
  26 ogres
  4 phantoms
  3 boggarts (Vaults:1)
  16 wolves
  32 centaurs
  16 crocodiles
  3 big kobolds
  Blork the orc (D:6)
  22 bullfrogs
  An earth elemental (Elf:2)
  A gnoll sergeant (D:12)
  10 scorpions
  23 killer bees
  9 wights
  6 electric eels (D:13)
  6 howler monkeys
  12 crimson imps
  2 centaur zombies
  8 hounds
  15 orc priests
  A jelly (D:5)
  5 centaur skeletons
  26 orc wizards
  A bullfrog skeleton (D:13)
  Natasha (thrice) (D:2)
  14 iguanas
  23 worker ants
  A hound zombie (D:10)
  2 hound skeletons
  Robin (D:3)
  18 adders
  A howler monkey skeleton (D:6)
  3 shadow imps
  13 white imps
  2 swamp drake simulacra (Swamp:4)
  An ooze (D:6)
  2 adder skeletons
  4 worms
  7 dart slugs
  5 leopard geckos
  111 orcs
  5 bats
  6 giant cockroaches
  11 hobgoblins
  10 jackals
  11 kobolds
  3 quokkas
  4 ball pythons
  4 frilled lizards
  19 goblins
  A leopard gecko skeleton (D:5)
  2 quokka skeletons (D:6)
  5 rats
  A butterfly (Lair:6)
  A crawling corpse (Elf:3)
  2 plants
2035 creatures vanquished.

Vanquished Creatures (collateral kills)
  3 azure jellies (Slime:5)
  An ironheart preserver (Vaults:5)
  A deep elf demonologist (Elf:3)
  A deep elf annihilator (Elf:3)
  A deep elf death mage (Elf:3)
  2 death oozes (Slime:5)
  A deep elf high priest (Elf:3)
  3 orc knights (Bailey)
  A deep elf mage (Elf:3)
  A redback (Spider:4)
  An orc warrior (Bailey)
  2 orcs (Bailey)
18 creatures vanquished.

Vanquished Creatures (others)
  A peacekeeper (Desolation)
  A hydra (Swamp:4)
  An unseen horror (Vaults:1)
  2 deep elf magi
  A centaur zombie (D:13)
  A vault sentinel (Vaults:5)
  A guardian serpent (Desolation)
  2 yaktaurs
  A jumping spider (Spider:4)
  A redback (Spider:4)
  2 vampire mosquitoes (Swamp:4)
  A bullfrog (D:13)
  An orc (Vaults:5)
  4 fungi
  30 plants
50 creatures vanquished.

Grand Total: 2103 creatures vanquished

Notes
Turn   | Place    | Note
-------+----------+-------------------------------------------
     0 | D:1      | polly the Minotaur Berserker began the quest for the Orb.
     0 | D:1      | Reached XP level 1. HP: 19/19 MP: 0/0
    93 | D:1      | Reached skill level 4 in Axes
    93 | D:1      | Reached XP level 2. HP: 23/27 MP: 1/1
   573 | D:2      | Noticed Natasha
   581 | D:2      | Killed Natasha
   581 | D:2      | Reached XP level 3. HP: 11/34 MP: 2/2
   932 | D:2      | Noticed Natasha
   995 | D:2      | Killed Natasha
   995 | D:2      | Reached skill level 5 in Axes
   995 | D:2      | Reached XP level 4. HP: 41/41 MP: 3/3
  1045 | D:2      | Reached ** piety under Trog
  1225 | D:2      | Noticed Natasha
  1230 | D:2      | Killed Natasha
  1230 | D:2      | Reached skill level 1 in Stealth
  1435 | D:3      | Found a glowing drain.
  1436 | D:3      | Reached XP level 5. HP: 35/47 MP: 4/4
  1453 | Sewer    | Entered a sewer
  1712 | Sewer    | Noticed Purgy
  1723 | Sewer    | Killed Purgy
  1723 | Sewer    | Reached skill level 5 in Fighting
  1856 | D:3      | Reached skill level 6 in Axes
  1856 | D:3      | Reached XP level 6. HP: 56/56 MP: 5/5
  2067 | D:3      | Reached *** piety under Trog
  2218 | D:3      | Noticed Robin
  2232 | D:3      | Killed Robin
  2666 | D:4      | Noticed polly's ghost (novice DrBe)
  2800 | D:4      | Killed polly's ghost
  2800 | D:4      | Reached skill level 7 in Axes
  2800 | D:4      | Reached XP level 7. HP: 62/62 MP: 6/6
  2844 | D:4      | Found a staircase to the Ecumenical Temple.
  3301 | D:5      | Entered Level 5 of the Dungeon
  3328 | D:5      | Reached skill level 8 in Axes
  3361 | D:5      | Reached **** piety under Trog
  3362 | D:5      | Reached XP level 8. HP: 60/70 MP: 7/7
  3516 | D:5      | Found Getal's Armour Shop.
  3543 | D:5      | Found a glowing silver altar of Zin.
  3585 | D:5      | Reached skill level 9 in Axes
  3585 | D:5      | Reached skill level 5 in Armour
  3711 | D:6      | Found a radiant altar of Vehumet.
  3712 | D:6      | Found a shadowy altar of Dithmenos.
  3810 | D:6      | Noticed Blork the orc
  3852 | D:6      | Killed Blork the orc
  4047 | D:6      | Reached skill level 5 in Dodging
  4240 | D:6      | Reached skill level 10 in Axes
  4282 | D:6      | Reached XP level 9. HP: 40/79 MP: 8/8
  5541 | D:7      | Found a deep blue altar of Sif Muna.
  6077 | D:8      | Found Qoedoseu's Armour Shoppe.
  6105 | D:8      | Reached skill level 11 in Axes
  6132 | D:8      | Found Sonaugre's Armour Boutique.
  6140 | D:8      | Found Nyxawk's General Store.
  6264 | D:8      | Noticed a queen bee
  6660 | D:8      | Found Zuxzuntaoh's Antique Armour Boutique.
  6661 | D:8      | Found Wemut's Antique Weapon Boutique.
  7000 | D:8      | Reached ***** piety under Trog
  7118 | D:8      | Reached XP level 10. HP: 76/90 MP: 9/9
  7126 | D:8      | Reached skill level 12 in Axes
  7694 | D:9      | Found a staircase to the Lair.
  7959 | D:9      | Found a bloodstained altar of Trog.
  7959 | D:9      | Found a white marble altar of Elyvilon.
  8325 | D:10     | Entered Level 10 of the Dungeon
  8692 | D:10     | Found a staircase to the Orcish Mines.
  8802 | D:10     | Reached skill level 13 in Axes
  9011 | D:10     | Noticed a two-headed ogre
  9018 | D:10     | Killed a two-headed ogre
  9535 | D:11     | Reached XP level 11. HP: 96/99 MP: 10/10
  9655 | D:11     | Reached skill level 10 in Fighting
  9894 | D:11     | Reached skill level 10 in Armour
 10000 | D:11     | Reached skill level 14 in Axes
 10078 | D:11     | Noticed a two-headed ogre
 10088 | D:11     | Killed a two-headed ogre
 10750 | D:12     | Noticed a two-headed ogre
 10753 | D:12     | Killed a two-headed ogre
 10948 | D:12     | Reached skill level 15 in Axes
 11058 | D:12     | Found a large runed door.
 11058 | D:12     | Found a large runed door.
 11062 | D:12     | Noticed a skeletal warrior
 11114 | D:11     | Killed a skeletal warrior
 11194 | D:12     | Paralysed by a hornet for 3 turns
 11237 | D:12     | Reached ****** piety under Trog
 11515 | D:12     | Gained mutation: You are frail. (-10% HP) [mutagenic meat]
 11516 | D:12     | Gained mutation: You have sharp toenails. [mutagenic meat]
 11517 | D:12     | Gained mutation: You are occasionally teleported next to monsters. [mutagenic meat]
 11518 | D:12     | Lost mutation: You have sharp toenails. [potion of mutation]
 11518 | D:12     | Lost mutation: You are frail. (-10% HP) [potion of mutation]
 11518 | D:12     | Lost mutation: You are occasionally teleported next to monsters. [potion of mutation]
 11518 | D:12     | Gained mutation: You are frail. (-10% HP) [potion of mutation]
 11518 | D:12     | Gained mutation: You are partially covered in rugged brown scales. (AC +1, +3% HP) [potion of mutation]
 11518 | D:12     | Gained mutation: You have an increased reservoir of magic. (+10% MP) [potion of mutation]
 11519 | D:12     | Lost mutation: You are frail. (-10% HP) [potion of mutation]
 11519 | D:12     | Lost mutation: You have an increased reservoir of magic. (+10% MP) [potion of mutation]
 11519 | D:12     | Gained mutation: Your flesh is cold resistant. (rC+) [potion of mutation]
 11519 | D:12     | Gained mutation: Your system is resistant to poisons. (rPois) [potion of mutation]
 11519 | D:12     | Gained mutation: You possess an exceptional clarity of mind. [potion of mutation]
 11802 | D:12     | Noticed a two-headed ogre
 11808 | D:12     | Killed a two-headed ogre
 11808 | D:12     | Reached XP level 12. HP: 91/113 MP: 11/11
 11961 | D:12     | Found a snail-covered altar of Cheibriados.
 11961 | D:12     | Noticed a yaktaur captain
 11968 | D:12     | Killed a yaktaur captain
 12128 | D:12     | Found a sparkling altar of Nemelex Xobeh.
 12128 | D:12     | Noticed a fire giant
 12139 | D:12     | Killed a fire giant
 12139 | D:12     | Reached skill level 16 in Axes
 12631 | D:13     | Found a flagged portal.
 12638 | Bailey   | Entered a bailey
 12646 | Bailey   | Received a gift from Trog
 12647 | Bailey   | Got an ivory broad axe {god gift}
 12648 | Bailey   | Identified the +1 broad axe of Mysticism {antimagic, MR+ Str+2} (Trog gifted it to you in a bailey)
 12798 | Bailey   | Reached skill level 1 in Crossbows
 13438 | D:13     | Noticed a centaur warrior
 13460 | D:13     | Killed a centaur warrior
 14101 | D:13     | Noticed Snorg
 14113 | D:13     | Killed Snorg
 14512 | D:13     | Reached skill level 17 in Axes
 14607 | D:13     | Noticed a centaur warrior
 14613 | D:13     | Killed a centaur warrior
 14613 | D:13     | Reached XP level 13. HP: 68/122 MP: 4/12
 14624 | D:13     | Received a gift from Trog
 15053 | D:13     | Noticed Sonja
 15054 | D:13     | Found a stormy altar of Qazlal.
 15058 | D:13     | Killed Sonja
 16110 | D:14     | Received a gift from Trog
 16111 | D:14     | Noticed chas's ghost (adept MiMo)
 16722 | D:14     | Killed chas's ghost
 16944 | D:14     | Reached skill level 18 in Axes
 17023 | D:14     | Reached skill level 1 in Evocations
 18014 | Lair:1   | Entered Level 1 of the Lair of Beasts
 18495 | Lair:1   | Got a scorched copper ring
 18496 | Lair:1   | Identified the ring "Higugu" {Fire Dex+8} (You found it on level 1 of the Lair of Beasts)
 19437 | Lair:2   | Noticed Harold
 19455 | Lair:2   | Killed Harold
 19455 | Lair:2   | Reached skill level 5 in Crossbows
 19455 | Lair:2   | Reached XP level 14. HP: 118/133 MP: 4/13
 19574 | Lair:2   | Received a gift from Trog
 19746 | Lair:2   | Noticed Gastronok
 19756 | Lair:2   | Killed Gastronok
 19829 | Lair:2   | Received a gift from Trog
 19878 | Lair:2   | Noticed Nergalle
 19891 | Lair:2   | Killed Nergalle
 20339 | Lair:3   | Found a sacrificial altar of Ru.
 21175 | Lair:4   | Found a staircase to the Swamp.
 21182 | Lair:4   | Reached skill level 1 in Shields
 21212 | Lair:4   | Found a frozen archway.
 21226 | IceCv    | Entered an ice cave
 21660 | IceCv    | Received a gift from Trog
 21755 | IceCv    | Reached skill level 15 in Fighting
 22463 | Lair:4   | Reached skill level 19 in Axes
 22593 | Lair:4   | Found a hole to the Spider Nest.
 23163 | Lair:4   | Received a gift from Trog
 23300 | Spider:1 | Entered Level 1 of the Spider Nest
 23428 | Lair:5   | Got a crude battleaxe
 23434 | Lair:5   | Identified the +5 battleaxe of Karma {chop, MR+ Dex+3 Stlth-} (You found it on level 5 of the Lair of Beasts)
 23777 | Lair:5   | Found a staircase to the Slime Pits.
 24267 | Lair:5   | Reached XP level 15. HP: 109/145 MP: 4/14
 24347 | Lair:6   | Entered Level 6 of the Lair of Beasts
 24387 | Lair:6   | Reached skill level 5 in Shields
 24689 | Lair:6   | Identified the Incunabulum of the Cloudy Voyage
 25014 | Lair:6   | Received a gift from Trog
 25251 | Lair:6   | Noticed Josephine
 25259 | Lair:6   | Killed Josephine
 25409 | Lair:6   | Received a gift from Trog
 25740 | Lair:6   | Reached skill level 15 in Armour
 26194 | Orc:1    | Entered Level 1 of the Orcish Mines
 26439 | D:5      | Bought the +9 armour of the Dragon King {rPois rF+ rC+ MR+} for 1622 gold pieces
 26753 | Orc:1    | Found Taleicw's Book Boutique.
 27054 | Orc:2    | Entered Level 2 of the Orcish Mines
 27058 | Orc:2    | Noticed useraccount's ghost (journeyman DsMo)
 27080 | Orc:2    | Killed useraccount's ghost
 27204 | Orc:2    | Received a gift from Trog
 27279 | Orc:2    | Found Vaad's Distillery.
 27294 | Orc:2    | Bought a potion of heal wounds for 65 gold pieces
 27402 | Orc:2    | Received a gift from Trog
 27504 | Orc:2    | Found Yluhuhae's Distillery.
 27504 | Orc:2    | Found Qiphoas's Weapon Boutique.
 27507 | Orc:2    | Found Rups's Assorted Antiques.
 27509 | Orc:2    | Found Qoip's General Store.
 27516 | Orc:2    | Bought a sapphire potion for 33 gold pieces
 27521 | Orc:2    | Bought a scroll of identify for 26 gold pieces
 27573 | Orc:2    | Received a gift from Trog
 27606 | Orc:2    | Got an ichor-stained hand crossbow {god gift}
 27607 | Orc:2    | Identified the +7 hand crossbow "Ter Waothru" {freeze, rElec rF- rN+} (Trog gifted it to you on level 2 of the Orcish Mines)
 27657 | Orc:2    | Found a staircase to the Elven Halls.
 27933 | Elf:1    | Entered Level 1 of the Elven Halls
 27982 | Elf:1    | Reached XP level 16. HP: 75/156 MP: 5/16
 28830 | Elf:1    | Received a gift from Trog
 29092 | Elf:3    | Entered Level 3 of the Elven Halls
 29145 | Elf:2    | Received a gift from Trog
 29332 | Elf:2    | Reached skill level 20 in Axes
 29341 | Elf:2    | Found a runed gate.
 29341 | Elf:2    | Found a runed gate.
 29343 | Elf:2    | Found a runed gate.
 30679 | Elf:3    | Found a radiant altar of Vehumet.
 30714 | Elf:3    | Received a gift from Trog
 31289 | Elf:3    | Noticed a deep elf master archer
 31307 | Elf:3    | Reached skill level 10 in Shields
 31353 | Elf:3    | Reached XP level 17. HP: 147/167 MP: 5/17
 31401 | Elf:3    | Noticed a deep elf blademaster
 31449 | Elf:3    | Killed a deep elf blademaster
 31477 | Elf:3    | Received a gift from Trog
 31770 | Elf:3    | Got a heavily runed ivory ring
 31772 | Elf:3    | Identified the ring of the Establishment {Dex+5 Stlth-} (You took it off a deep elf sorcerer on level 3 of the Elven Halls)
 31850 | Elf:3    | Noticed a Tzitzimitl
 32118 | Elf:3    | Killed a deep elf master archer
 32124 | Elf:3    | Got an ichor-stained plate armour
 32140 | Elf:3    | Identified the cursed +1 plate armour "Atuash" {rElec MR+} (You took it off a deep elf master archer on level 3 of the Elven Halls)
 32212 | Elf:3    | Noticed a deep elf blademaster
 32237 | Elf:3    | Killed a deep elf blademaster
 32648 | Elf:3    | Noticed an Ice Fiend
 33123 | Elf:3    | Reached skill level 21 in Axes
 33653 | Spider:1 | Got a coiled pewter ring
 33670 | Spider:1 | Received a gift from Trog
 33727 | Spider:1 | Received a gift from Trog
 33800 | Spider:1 | Received a gift from Trog
 33992 | Spider:1 | Received a gift from Trog
 34007 | Spider:1 | Identified the ring "Zeres" {Fire MP-9 Int+5} (You found it on level 1 of the Spider Nest)
 34885 | Spider:2 | Received a gift from Trog
 35187 | Spider:3 | Received a gift from Trog
 35192 | Spider:3 | Got a slimy hand crossbow {god gift}
 35193 | Spider:3 | Identified the +5 hand crossbow "Agidgh" {flame, rC+ rN++} (Trog gifted it to you on level 3 of the Spider Nest)
 35295 | Spider:3 | Reached XP level 18. HP: 181/181 MP: 6/18
 35619 | Spider:3 | Received a gift from Trog
 35706 | Spider:3 | Received a gift from Trog
 36086 | Spider:4 | Entered Level 4 of the Spider Nest
 36226 | Spider:4 | Received a gift from Trog
 36898 | Spider:4 | Received a gift from Trog
 37341 | Spider:4 | Got a gossamer rune of Zot
 37488 | Spider:4 | Noticed Roxanne
 37505 | Spider:4 | Killed Roxanne
 37508 | Spider:4 | Identified Roxanne's Grimoire of Transmutation (You took it off Roxanne on level 4 of the Spider Nest)
 37587 | Spider:3 | Received a gift from Trog
 37643 | Swamp:1  | Entered Level 1 of the Swamp
 37993 | Swamp:1  | Received a gift from Trog
 39094 | Swamp:2  | Received a gift from Trog
 39846 | Swamp:4  | Entered Level 4 of the Swamp
 39868 | Swamp:4  | Reached skill level 22 in Axes
 39868 | Swamp:4  | Reached XP level 19. HP: 183/190 MP: 6/19
 40333 | Swamp:4  | Received a gift from Trog
 40931 | Swamp:4  | Got a decaying rune of Zot
 41137 | Slime:1  | Entered Level 1 of the Pits of Slime
 41196 | Slime:1  | Received a gift from Trog
 41770 | Slime:3  | Gained mutation: You are clumsy. (Dex -2) [a shining eye]
 41937 | Slime:4  | Reached skill level 15 in Shields
 41953 | Slime:5  | Entered Level 5 of the Pits of Slime
 41972 | Slime:5  | Received a gift from Trog
 42242 | Slime:5  | Gained mutation: You occasionally shout uncontrollably at your foes. [a shining eye]
 42848 | Slime:5  | Noticed the Royal Jelly
 42873 | Slime:5  | Killed the Royal Jelly
 43497 | Slime:5  | Lost mutation: You possess an exceptional clarity of mind. [a shining eye]
 43498 | Slime:5  | Gained mutation: Your magical capacity is low. (-10% MP) [a shining eye]
 43516 | Slime:5  | Identified a scroll of acquirement
 43528 | Slime:5  | Received a gift from Trog
 43599 | Slime:5  | Identified the Handbook of the Quantum Mountains
 43679 | Slime:5  | Identified the Disquisition on Feathery Poison
 43695 | Slime:5  | Got a slimy rune of Zot
 44069 | D:14     | Found a gate to the Vaults.
 44238 | D:15     | Entered Level 15 of the Dungeon
 44261 | D:15     | Received a gift from Trog
 44299 | D:15     | Reached XP level 20. HP: 201/203 MP: 6/18
 44318 | D:15     | Noticed Louise
 44334 | D:15     | Reached skill level 23 in Axes
 44355 | D:15     | Killed Louise
 44589 | D:15     | Received a gift from Trog
 44644 | D:15     | Noticed Urug
 44653 | D:15     | Killed Urug
 44673 | D:15     | Found a staircase to the Depths.
 44750 | D:15     | Found a hide-covered altar of Uskayaw.
 45048 | Vaults:1 | Entered Level 1 of the Vaults
 45451 | Vaults:1 | Received a gift from Trog
 46125 | Vaults:1 | Received a gift from Trog
 46497 | Vaults:2 | Found a staircase to the Crypt.
 46629 | Vaults:2 | Received a gift from Trog
 46872 | Vaults:2 | You fall through a shaft for 2 floors!
 47005 | Vaults:4 | Found Xaun's General Store.
 47059 | Vaults:4 | Reached XP level 21. HP: 197/215 MP: 6/19
 47139 | Vaults:4 | Reached skill level 24 in Axes
 47199 | Vaults:4 | Received a gift from Trog
 47762 | Vaults:3 | Received a gift from Trog
 47799 | Vaults:3 | Noticed Frederick
 47821 | Vaults:3 | Killed Frederick
 47861 | Vaults:3 | Found a ruined gateway.
 47866 | Desolati | Entered the Desolation of Salt
 47938 | Desolati | Got a warped turquoise ring
 47945 | Desolati | Received a gift from Trog
 47966 | Desolati | Identified the ring of the Failed Coup {+Fly rN+} (You found it in the Desolation of Salt)
 47977 | Desolati | Got a fine ivory ring
 47981 | Desolati | Identified the ring "Kadatseku" {rElec rC+++ AC+2 Str-5 Stlth+} (You found it in the Desolation of Salt)
 47982 | Desolati | Identified the +0 broad axe of Ruination {holy, rC++} (You found it in the Desolation of Salt)
 48224 | Desolati | Got a slimy iron ring
 48225 | Desolati | Identified the ring of Irphylun {Str+2 SInv} (You found it in the Desolation of Salt)
 48230 | Desolati | Got a scintillating copper ring
 48231 | Desolati | Identified the ring of Xom's Whim {Dex+4 SInv} (You found it in the Desolation of Salt)
 48247 | Desolati | Identified the Tome of Flying Intoxication
 48250 | Desolati | Identified Caxaj's Tome of Aid
 48395 | Desolati | Identified Sif Muna's Tome of Poisonous Flames
 48437 | Desolati | Identified a +2 pair of boots of running (You found it in the Desolation of Salt)
 49005 | Vaults:2 | Received a gift from Trog
 49557 | Vaults:3 | Received a gift from Trog
 49617 | Vaults:3 | Reached XP level 22. HP: 226/226 MP: 6/20
 49994 | Vaults:3 | Reached skill level 25 in Axes
 50111 | Vaults:3 | Received a gift from Trog
 50602 | Vaults:4 | Received a gift from Trog
 51364 | Vaults:5 | Entered Level 5 of the Vaults
 51689 | Vaults:5 | Noticed an ancient lich
 51691 | Vaults:5 | Noticed Jorgrun
 51954 | Vaults:5 | Received a gift from Trog
 52453 | Vaults:5 | Killed an ancient lich
 52466 | Vaults:5 | Killed Jorgrun
 52469 | Vaults:5 | Reached XP level 23. HP: 131/237 MP: 6/20
 52757 | Vaults:5 | Received a gift from Trog
 52805 | Vaults:5 | Reached skill level 26 in Axes
 52836 | Vaults:5 | HP: 3/238 [shadow dragon/bolt of negative energy (13)]
 53263 | Vaults:5 | Killed from afar by a shadow dragon

Vault maps used:
D:1:      tarquinn_simple_flora_water_f
D:2:      uniq_natasha
D:3:      kennysheep_goblin_castle, lightli_sewer_entry_pipes,
          saegor_snake_ambush
D:4:      minmay_temple_entry_statues_fountains
D:5:      zin_academy, serial_shops, nicolae_shop_stone, first_bread
D:6:      cheibrodos_two_vegetables, chequers_temple_overflow_statue_of_worship,
          grunt_ministairs_2, corexii_leaking_fountain, uniq_blork_the_orc
D:7:      kennysheep_mini
D:8:      serial_shops, nicolae_shop_waterfront, shop, shop, nicolae_shop_trees,
          shop, david_nohive_1
D:9:      gammafunk_temple_overflow_wave, lair_entry_dummy,
          kennysheep_generic_room_7
D:10:     kennysheep_spiral_hall, david_orc_3, serial_glass, glass_columns_a,
          glass_columns_a
D:12:     grunt_decor_fettered, jmf_multi_god_temple2
D:13:     enter_bailey_3, serial_bayou, serial_bayou_shore_a,
          serial_bayou_ford_a, serial_bayou_shore_b, serial_bayou_crossing,
          nicolae_qazlal_eye_of_the_storm, uniq_snorg, uniq_sonja
D:14:     david_vaults_5, serial_bayou_pond_a
D:15:     gammafunk_depths_entry_grave, basic_altar, st_stairs_7, uniq_urug,
          uniq_louise
Lair:2:   beast_lair_carwin_large_4, uniq_gastronok, uniq_harold, uniq_nergalle
Lair:3:   basic_altar
Lair:4:   swamp_mist, nicolae_spider_entry_non_spiders,
          portal_ice_cave_entry_imps
Lair:5:   minmay_slime_entry_oklob_enclosed, minmay_lindwurm_lava,
          grunt_megastairs_3, serial_bayou_shore_b, serial_bayou_shore_b
Lair:6:   evilmike_catoblepas_cave, minivault_26, serial_bayou_pond_b,
          ice2_lemuel, lemuel_fruit_fields, uniq_josephine
Swamp:1:  evilmike_swamp_ruin_rubble_1
Swamp:2:  nicolae_swamp_round_clearing, swamp_pool5
Swamp:3:  nicolae_swamp_trees_clearing
Swamp:4:  swamp_icy
Spider:3: zaba_antful_of_joy
Spider:4: grunt_spider_rune_parallel, uniq_roxanne
Slime:2:  basic_altar
Slime:3:  cheibrodos_slime_lost_civilization_7
Orc:1:    serial_shops, shop
Orc:2:    st_orc_rangers, serial_shops, shop_fountains
Elf:1:    minmay_elf_arrival_summoners, evilmike_minifort, feat_on_display
Elf:3:    minmay_elf_hall_curves, basic_altar
Vaults:1: vaults_room_corners, vaults_dpeg_hooks,
          nicolae_vaults_ring_of_whatevers, v_misc_26, ontoclasm_vaults_chip,
          vaults_mumra_chevron, hangedman_vaults_stream,
          hangedman_vaults_impose, ontoclasm_vaults_idyll
Vaults:2: ontoclasm_vaults_decontamination, hangedman_vaults_corner_blocks,
          v_alt_pattern_2, grunt_vaults_funnel,
          nicolae_vaults_stairing_the_circle, v_alt_pattern_3,
          minmay_crypt_entry_simple_plaza, ontoclasm_vaults_gateway,
          nicolae_vaults_little_squares_2, v_misc_15, ontoclasm_vaults_shuriken,
          v_misc_18, nicolae_vaults_little_ls, hangedman_vaults_maws
Vaults:3: v_pattern_5, hangedman_vaults_snaps, grunt_vaults_focal,
          ontoclasm_vaults_chip, ontoclasm_vaults_hangar,
          nicolae_vaults_network_quinsquares, v_misc_11,
          nicolae_vaults_three_branches, nicolae_vaults_big_angled_halls,
          vaults_room_grid, nicolae_vaults_little_squares_3,
          portal_desolation_entry_ruin, uniq_frederick
Vaults:4: grunt_vaults_twisty, nicolae_vaults_twisting_passages, v_pattern_4,
          vaults_mumra_hexcomb, nicolae_vaults_little_squares_5,
          vaults_room_fours, nicolae_vaults_ring_of_whatevers,
          hangedman_vaults_nodes, nicolae_vaults_c_with_doors,
          ontoclasm_vaults_fault, serial_shops, shop
Vaults:5: serial_shops, uniq_mennas, uniq_jorgrun
Sewer:    sewer_the_crocodile
Bailey:   bailey_polearm_5, bailey
IceCv:    ice_cave_small_giant

Skill      XL: |  1  2  3  4  5  6  7  8  9 10 11 12 13 14 15 16 17 18 19 20 21 22 23 |
---------------+----------------------------------------------------------------------+-----
Axes           | 4 5 6 7 8 10 11 13 15 17 18 19 20 21 22 23 24 25 26 | 26.0
Fighting       | 4 5 6 7 8 9 11 12 13 15 16 18 19 20 21 22 23 24 | 24.6
Stealth        | 1 2 3 4 |  4.4
Armour         | 3 4 5 7 9 10 12 13 14 15 16 17 18 19 | 19.9
Dodging        | 3 4 5 6 |  6.6
Crossbows      | 3 5 6 9 |  9.3
Evocations     | 1 |  1.9
Shields        | 4 7 10 12 14 15 16 18 19 20 | 20.0
Throwing       | |  0.8

Action                   |  1- 3 |  4- 6 |  7- 9 | 10-12 | 13-15 | 16-18 | 19-21 | 22-24 || total
-------------------------+-------+-------+-------+-------+-------+-------+-------+-------++-------
Melee: Hand axe          |    41 |   167 |   124 |       |       |       |       |       ||   332
       Headbutt          |    10 |    28 |    48 |   133 |   357 |   480 |   580 |   200 ||  1836
       Battleaxe         |       |       |   135 |   412 |     4 |       |       |       ||   551
       Broad axe         |       |       |       |   156 |  1069 |  1389 |  1460 |   499 ||  4573
 Fire: Triple crossbow   |       |       |       |    33 |   180 |    12 |       |       ||   225
       Hand crossbow     |       |       |       |       |       |     6 |       |       ||     6
Throw: Throwing net      |       |       |       |     3 |       |       |       |       ||     3
Invok: Berserk           |       |     2 |     3 |     9 |     7 |     1 |     1 |     1 ||    24
       Burn Spellbooks   |       |       |       |     2 |     1 |     2 |     3 |       ||     8
       Brothers in Arms  |       |       |       |     2 |       |     1 |     2 |     1 ||     6
       Trog's Hand       |       |       |       |     1 |       |     1 |     1 |     4 ||     7
 Abil: Evoke Flight      |       |       |       |       |       |     1 |       |       ||     1
Evoke: Wand              |       |       |       |       |    10 |     3 |       |       ||    13
       Lightning rod     |       |       |       |       |     4 |       |       |       ||     4
       Sack of spiders   |       |       |       |       |       |     2 |       |       ||     2
       Phantom mirror    |       |       |       |       |       |     2 |       |       ||     2
  Use: Potion            |       |       |     7 |    16 |     5 |     3 |     5 |    19 ||    55
       Scroll            |       |       |     5 |    16 |     4 |    16 |    24 |    11 ||    76
 Stab: Sleeping          |     1 |     1 |     1 |       |       |       |       |       ||     3
       Invisible         |       |       |       |     4 |       |       |       |     3 ||     7
       Held in net/web   |       |       |       |     1 |       |       |       |       ||     1
       Distracted        |       |       |       |       |       |     2 |     1 |       ||     3
  Eat: Chunk             |       |     6 |     9 |    29 |    32 |    28 |    20 |     7 ||   131
       Royal jelly       |       |       |     2 |     5 |     6 |     6 |     5 |     1 ||    25
       Meat ration       |       |       |     1 |       |       |       |       |     1 ||     2
       Fruit             |       |       |       |       |     6 |     2 |       |       ||     8
       Bread ration      |       |       |       |       |       |       |     1 |       ||     1
Armor: Animal skin       |     7 |     6 |       |       |       |       |       |       ||    13
       Ring mail         |       |    27 |       |       |       |       |       |       ||    27
       Troll leather arm |       |    28 |    41 |       |       |       |       |       ||    69
       Plate armour      |       |       |    94 |   344 |   554 |       |       |       ||   992
       Skin              |       |       |       |     2 |       |       |       |       ||     2
       Gold dragon scale |       |       |       |       |   128 |   829 |   604 |   312 ||  1873
Dodge: Dodged            |    28 |   131 |   174 |   326 |   580 |   382 |   344 |   144 ||  2109
Block: Buckler           |       |       |       |       |    74 |       |       |       ||    74
       Shield            |       |       |       |       |   291 |   967 |   967 |   478 ||  2703
       Reflection        |       |       |       |       |     3 |       |     8 |    30 ||    41
       Other             |       |       |       |       |     3 |       |       |       ||     3
